 Dungeon Crawl Stone Soup version 0.30-a0-652-gcc886f7154 (webtiles) character file.

Game seed: 11628133496724660732

1053 warriortoast the Fighter (level 8, -1/62 HPs)
             Began as a Barachi Warper on Jan 17, 2023.
             Was a Follower of Hepliaklqana.
             Slain by an orc
             ... wielding a +0 war axe
              (6 damage)
             ... on level 5 of the Dungeon.
             The game lasted 00:09:52 (5420 turns).

warriortoast the Fighter (Barachi Warper)           Turns: 5420, Time: 00:09:53

Health: -1/62      AC:  8    Str: 15    XL:     8   Next: 26%
Magic:  11/11      EV: 11    Int: 14    God:    Hepliaklqana [*.....]
Gold:   61         SH:  0    Dex: 11    Spells: 11/11 levels left

rFire   . . .      SeeInvis .    l - +1 flail (drain)
rCold   . . .      Faith    .    (no shield)
rNeg    . . .      Spirit   .    b - +0 leather armour
rPois   .          Reflect  .    j - +2 helmet
rElec   .          Harm     .    d - +1 cloak
rCorr   .          Rampage  .    (no gloves)
Will    +....                    (no boots)
Stlth   +                        (no amulet)
HPRegen 0.30/turn                h - ring of willpower
MPRegen 0.12/turn                (no ring)

@: slow
A: reduced essence, amphibious, slowness 1, strong legs 1, +LOS
a: Hop, Renounce Religion, Recall Ancestor, Ancestor Identity


You were on level 5 of the Dungeon.
You worshipped Hepliaklqana.
Hepliaklqana was aware of your devotion.
You visited 2 branches of the dungeon, and saw 6 of its levels.

You collected 204 gold pieces.
You spent 143 gold pieces at shops.

Inventory:

Hand Weapons
 a - a +0 mace
 f - a +2 vampiric hand axe
 l - a +1 flail of draining (weapon)
Missiles
 x - 2 poisoned darts (quivered)
 y - a boomerang
Armour
 b - a +0 leather armour (worn)
 d - a +1 cloak (worn)
 j - a +2 helmet (worn)
 o - a +0 chain mail of fire resistance
Jewellery
 h - a ring of willpower (left hand)
 r - a ring of fire
 s - a +6 ring of dexterity
Scrolls
 c - 2 scrolls of blinking
 e - 2 scrolls of noise {unknown}
 i - 4 scrolls of teleportation
 m - a scroll of enchant weapon {unknown}
 p - 4 scrolls of identify
 q - a scroll of poison {unknown}
 v - a scroll of fear
Potions
 g - a potion of invisibility
 k - 2 potions of curing
 n - a potion of haste
 t - 2 potions of mutation
 u - 2 potions of degeneration
 w - a potion of berserk rage


   Skills:
 + Level 8.3 Fighting
 + Level 7.6 Maces & Flails
 - Level 1.0 Throwing
 - Level 1.2 Armour
 - Level 2.1 Dodging
 - Level 2.1 Spellcasting
 - Level 3.2 Translocations


You had 11 spell levels left.
You didn't know any spells.
Your spell library contained the following spells:

 Spells                   Type           Power      Damage    Failure   Level
 Blink                    Tloc           20%        N/A       11%         2
 Lesser Beckoning         Tloc           20%        N/A       11%         2
 Momentum Strike          Conj/Tloc      12%        3d8       22%         2
 Gell's Gravitas          Tloc           10%        N/A       22%         3
 Teleport Other           Tloc           10%        N/A       22%         3
 Vhi's Electric Charge    Tloc/Air       12%        N/A       41%         3
 Kindle Blastsparks       Fire/Tloc/Air  8%         2d10      50%         3
 Manifold Assault         Tloc           10%        N/A       58%         4
 Ignite Poison            Fire/Tmut/Pois 1%         N/A       65%         3
 Freezing Cloud           Conj/Ice/Air   0%         6-21      100%        5
 Dispersal                Tloc           5%         N/A       100%        6
 Storm Form               Tmut/Air       0%         N/A       100%        7


Dungeon Overview and Level Annotations

Branches:
Dungeon (5/15)             Temple (1/1) D:4

Altars:
Ashenzari
Elyvilon
Hepliaklqana
Kikubaaqudgha
Nemelex Xobeh
Ru
Sif Muna
Xom
Zin
Jiyva

Shops:
D:4 !?*[


Innate Abilities, Weirdness & Mutations

Your life essence is reduced to manifest your ancestor. (-10% HP)
You are amphibious.
You cover ground slowly.
You can hop short distances.
You have an extended range of vision and can be seen from far away.


Message History

The orc dies!
The orc priest hits Audrea with a +0 whip.
The orc barely misses Audrea.
Audrea hits the orc priest.
The orc priest completely misses Audrea.
The orc hits Audrea with a +0 war axe.
Audrea is destroyed!
The orc priest shouts!
The orc priest calls upon Beogh to heal the orc.
The orc is healed somewhat.
The orc priest miscasts a cantrip.
The orc priest calls down the wrath of Beogh upon you.
Beogh smites you!
The orc priest calls down the wrath of Beogh upon you.
Beogh smites you! The orc hits you with a +0 war axe.
The orc barely misses you. The orc attacks as you move away!
The orc closely misses you. The orc attacks as you move away!
The orc hits you with a +0 war axe.
The orc priest calls upon Beogh to heal the orc priest.
The orc priest is healed somewhat.
The orc hits you with a +0 war axe! The orc attacks as you move away!
The orc barely misses you. The orc attacks as you move away!
The orc completely misses you. The orc barely misses you.
The orc attacks as you move away! The orc hits you with a +0 war axe.
* * * LOW HITPOINT WARNING * * *
The orc attacks as you move away! The orc barely misses you.
The orc attacks as you move away! The orc barely misses you.
The orc priest calls upon Beogh to heal the orc.
The orc's wounds heal themselves!
The orc priest calls upon Beogh to heal the orc priest.
The orc priest is healed somewhat.
The orc priest invokes the aid of Beogh against you.
Beogh smites you!
* * * LOW HITPOINT WARNING * * *
The orc hits you but does no damage.
The orc priest casts a cantrip, but nothing happens.
The orc hits you with a +0 war axe.
* * * LOW HITPOINT WARNING * * *
The orc attacks as you move away! The orc hits you with a +0 war axe.
You die...

#.#.#.#.#########
#.....#.........> ..#
###...##.######### #.#
.........# #.# #........#
#.# ##.......# #.# ##......#
#.# ##.#...########## #.#
######..........@o###[######
.....[...########.o.o......#
######...# #####.####.#
#...# #.# #.# #.### #o# #.#
######.# #.# #.# .......###
#o# #.# ....##...# #.#
#.#### .......#.# #o# #....#


You could see 2 orc priests and an orc.

Vanquished Creatures
  Sigmund (D:4)
  Duvessa (D:5)
  Blork the orc (D:4)
  A necrophage (D:4)
  A scorpion (D:4)
  Dowan (D:5)
  A howler monkey (D:4)
  A jelly (D:4)
  Crazy Yiuf (D:4)
  An orc priest (D:4)
  3 hounds
  3 iguanas
  4 orc wizards
  6 adders
  A worm (D:2)
  2 dart slugs
  21 orcs
  4 bats
  7 endoplasms
  A giant cockroach (D:4)
  5 hobgoblins
  2 jackals (D:1)
  3 quokkas
  3 ball pythons (D:1)
  2 frilled lizards (D:1)
  10 goblins
  8 kobolds
  3 rats
98 creatures vanquished.

Vanquished Creatures (collateral kills)
  2 orcs (D:5)
2 creatures vanquished.

Vanquished Creatures (others)
  An ancestor (D:5)
1 creature vanquished.

Grand Total: 101 creatures vanquished

Notes
Turn   | Place    | Note
-------+----------+-------------------------------------------
     0 | D:1      | warriortoast the Barachi Warper began the quest for the
                  | Orb.
     0 | D:1      | Reached XP level 1. HP: 17/17 MP: 3/3
   276 | D:1      | Reached XP level 2. HP: 23/23 MP: 5/5
   334 | D:1      | Reached skill level 3 in Fighting
   545 | D:1      | Reached XP level 3. HP: 26/29 MP: 6/6
  1746 | D:2      | Reached skill level 4 in Fighting
  1746 | D:2      | Reached XP level 4. HP: 16/37 MP: 7/7
  2150 | D:3      | Found a faded altar of an unknown god.
  2220 | D:3      | Reached XP level 5. HP: 32/43 MP: 8/8
  2734 | D:3      | Found a sparkling altar of Nemelex Xobeh.
  2824 | D:4      | Reached skill level 5 in Fighting
  3167 | D:4      | Reached XP level 6. HP: 35/51 MP: 9/9
  3174 | D:3      | Reached skill level 5 in Maces & Flails
  3447 | D:4      | Found a shimmering blue altar of Sif Muna.
  3450 | D:4      | Found a glowing silver altar of Zin.
  3465 | D:4      | Reached skill level 6 in Fighting
  3542 | D:4      | Found Misu's Armour Boutique.
  3557 | D:4      | Found a staircase to the Ecumenical Temple.
  3570 | Temple   | Entered the Ecumenical Temple
  3584 | Temple   | Became a worshipper of Hepliaklqana the Forgotten
  3621 | D:4      | Noticed Sigmund
  3831 | D:4      | Killed Sigmund
  3832 | D:4      | Reached XP level 7. HP: 45/59 MP: 10/10
  3928 | D:4      | Found Laurere's General Store.
  4024 | D:4      | Found Obunwomusk's Magic Scroll Shop.
  4025 | D:4      | Bought a scroll of identify for 22 gold pieces
  4025 | D:4      | Bought a scroll of identify for 22 gold pieces
  4025 | D:4      | Bought a scroll of identify for 22 gold pieces
  4025 | D:4      | Bought a scroll of fear for 44 gold pieces
  4025 | D:4      | Bought a scroll of teleportation for 33 gold pieces
  4040 | D:4      | Found Vaoply's Distillery.
  4067 | D:4      | Found a runed translucent door.
  4068 | D:4      | Noticed Crazy Yiuf
  4200 | D:4      | Found Diolass's Weapon Shoppe.
  4253 | D:4      | Reached skill level 7 in Fighting
  4332 | D:4      | Noticed Blork the orc
  4340 | D:4      | Killed Blork the orc
  4689 | D:4      | Killed Crazy Yiuf
  4799 | D:5      | Entered Level 5 of the Dungeon
  4805 | D:5      | Noticed Duvessa
  4821 | D:5      | Killed Duvessa
  4822 | D:5      | Reached XP level 8. HP: 59/68 MP: 11/11
  4828 | D:5      | Noticed Dowan
  4834 | D:5      | Killed Dowan
  4835 | D:5      | Reached skill level 8 in Fighting
  5186 | D:5      | Reached * piety under Hepliaklqana
  5420 | D:5      | Slain by an orc

Illustrated notes

Levels and vault maps discovered:
D:1:      kennysheep_arrival_seaside, layout_basic, minmay_misc_feat_rugged,
          minmay_pentomino_o2
D:2:      layout_basic
D:3:      layout_rooms, nemelex_dance_club_becter,
          shapermc_ecumenical_altar_venn
D:4:      layout_basic, mainiacjoe_overflow_catch_the_wave, temple_green,
          serial_shops, nicolae_lakefront_shop, shop, nicolae_take_the_stairs,
          kennysheep_mini, shop, hex_medium, uniq_sigmund,
          uniq_crazy_yiuf_cottage, uniq_blork_the_orc
D:5:      layout_loops_ring, kennysheep_generic_room_9, uniq_duvessa
Temple:   pf_slimified_temple

Skill      XL: |  1  2  3  4  5  6  7  8 |
---------------+-------------------------+-----
Fighting       | 3 4 5 6 7 8 |  8.3
Maces & Flails | 3 4 6 7 |  7.6
Throwing       | |  1.0
Armour         | |  1.2
Dodging        | |  2.1
Spellcasting   | |  2.1
Translocations | |  3.2

Action                   |  1- 3 |  4- 6 |  7- 9 || total
-------------------------+-------+-------+-------++-------
Melee: Mace              |    51 |       |       ||    51
       Hand axe          |    43 |       |       ||    43
       Flail             |    15 |   116 |    71 ||   202
       Punch             |     1 |       |       ||     1
Throw: Dart              |       |    15 |    11 ||    26
       Boomerang         |       |     5 |     2 ||     7
 Abil: Hop               |       |     1 |       ||     1
  Use: Scroll            |       |       |     5 ||     5
Armor: Leather armour    |    41 |    49 |    21 ||   111
Dodge: Dodged            |    86 |    66 |    36 ||   188

Table legend: (Time is in decaauts)
 A = Elapsed time spent in this place.
 B = Non-inter-level travel time spent in this place.
 C = Inter-level travel time spent in this place.
 D = Time resting spent in this place.
 E = Time spent auto-exploring this place.
 F = Levels seen in this place.
 G = Mean time per level.
                   A        B        C        D        E       F      G
               +--------+--------+--------+--------+--------+-----+--------+
         Total |   6103 |   5824 |    279 |   1256 |   3620 |   6 | 1017.2 |
       Dungeon |   6070 |   5805 |    265 |   1256 |   3613 |   5 | 1214.0 |
        Temple |     32 |     18 |     14 |      0 |      7 |   1 |   32.0 |
               +--------+--------+--------+--------+--------+-----+--------+

Top non-repeatable levels by time:
     D:4: 2160 daAuts
     D:2: 1173 daAuts
     D:1: 1170 daAuts
     D:3: 1104 daAuts
     D:5: 461 daAuts
  Temple: 32 daAuts
